 Dungeon Crawl Stone Soup version 0.30.1-1-g62c8e00024 (webtiles) character file.

Game seed: 16315701270799077606

196 monsoonserge the Trooper (level 5, -5/47 HPs)
             Began as a Hill Orc Fighter on July 14, 2023.
             Slain by a sleepcap (16 damage)
             ... on level 3 of the Dungeon on July 15, 2023.
             The game lasted 00:07:35 (2490 turns).

monsoonserge the Trooper (Hill Orc Fighter)         Turns: 2490, Time: 00:07:36

Health: -5/47      AC:  8    Str: 25 (27) XL:     5   Next: 74%
Magic:  5/5        EV:  2    Int:  7 (8)  God:
Gold:   161        SH:  0    Dex:  7 (10) Spells: 4/4 levels left

rFire   + . .        v - +0 trident
rCold   + . .        h - +0 kite shield
rNeg    . . .        b - +0 scale mail
rPois   .            s - +0 helmet
rElec   .            i - scarf {rC+ rF+}
rCorr   .            (no gloves)
SInv    .            (no boots)
Will    .....        (no amulet) Stlth
                     m - +6 ring of strength
HPRegen 0.27/turn    (no ring)
MPRegen 0.09/turn

%: no passive effects
@: sleeping
A: no striking features
a: no special abilities


You were on level 3 of the Dungeon.
You visited 1 branch of the dungeon, and saw 4 of its levels.

You collected 161 gold pieces.

Inventory:

Hand Weapons
 e - a +0 heavy sling
 v - a +0 trident (weapon)
Missiles
 n - a boomerang (quivered)
 o - a throwing net
Armour
 b - a +0 scale mail (worn)
 h - a +0 kite shield (worn)
 i - a scarf of resistance (worn)
 s - a +0 helmet (worn)
Jewellery
 m - a +6 ring of strength (left hand)
 r - a ring of poison resistance
Wands
 q - a wand of paralysis (5)
Scrolls
 d - a scroll of immolation {unknown}
 f - a scroll of blinking {unknown}
 g - 2 scrolls of enchant weapon {unknown}
 j - a scroll of enchant armour {unknown}
 k - a scroll of poison {unknown}
 l - a scroll of vulnerability {unknown}
 p - 5 scrolls of identify {unknown}
Potions
 c - a potion of curing {unknown}
 t - 2 potions of haste {unknown}
 u - a potion of mutation {unknown}


   Skills:
 + Level 4.8 Fighting
 - Level 3.0(3.6) Axes
 * Level 2.5(3.1) Polearms
 - Level 4.0 Armour
 - Level 1.0 Dodging
 + Level 0.7 Stealth
 + Level 4.2 Shields


You had 4 spell levels left.
You didn't know any spells.
Your spell library contained the following spells:

 Spells                   Type           Power      Damage    Failure   Level
 Slow                     Hex            0%         N/A       91%         1
 Confusing Touch          Hex            0%         N/A       100%        3
 Vampiric Draining        Necr           0%         2d6       100%        3


Dungeon Overview and Level Annotations

Branches:
Dungeon (4/15)
 Temple: D:4-7

Altars:

Shops:
D:1 (


Message History

The sleepcap releases spores at you.
You are engulfed in a cloud of soporific spores!
You fall asleep.
The sleepcap releases spores at you!
You wake up.
You hit the sleepcap.
The sleepcap is moderately damaged.
The sleepcap releases spores at you but does no damage.
You hit the sleepcap but do no damage.
The sleepcap is moderately damaged.
The sleepcap releases spores at you.
You are engulfed in a cloud of soporific spores!
You are unaffected.
You completely miss the sleepcap.
The sleepcap is moderately damaged.
The sleepcap releases spores at you but does no damage.
You hit the sleepcap.
The sleepcap is heavily damaged.
The sleepcap releases spores at you.
You are engulfed in a cloud of soporific spores!
You fall asleep.
The sleepcap releases spores at you but does no damage. x3
The sleepcap releases spores at you!
You wake up.
You are engulfed in a cloud of soporific spores!
You are unaffected.
You hit the sleepcap.
The sleepcap is heavily damaged.
The sleepcap releases spores at you but does no damage.
You hit the sleepcap.
The sleepcap is severely damaged.
The sleepcap releases spores at you.
You are engulfed in a cloud of soporific spores!
You are unaffected.
You hit the sleepcap.
The sleepcap is almost destroyed.
The sleepcap releases spores at you.
* * * LOW HITPOINT WARNING * * *
You are engulfed in a cloud of soporific spores!
You fall asleep.
The sleepcap releases spores at you!
You die...

.# #.###### #######.# '## #.#
#.......# ..#
#.###############.......# .)#
#...............'.......# ..#
#################.......# .##
#.#####.# .# ######### #.# #.# .#
#.....f.# #.# #.#
.#########......@# #.# #†#
.........).......# #.# ##†###
......###........#####.# #....#
......# #..............# #....##
......# #.#[############ #......
..##### #.#.# #....#. ..#
#.#.###### #......
..#######.#.#....###########...))
..##......#...............#......


You could see a sleepcap.

Vanquished Creatures
  An orc priest (D:3)
  A hound (D:3)
  4 adders
  4 worms
  4 dart slugs
  5 orcs (D:3)
  5 ball pythons
  6 bats
  8 endoplasms
  3 giant cockroaches
  9 goblins
  5 hobgoblins
  7 kobolds
  3 quokkas
  4 frilled lizards
  4 rats
73 creatures vanquished.

Notes
Turn   | Place    | Note
-------+----------+-------------------------------------------
     0 | D:1      | monsoonserge the Hill Orc Fighter began the quest for the
                  | Orb.
     0 | D:1      | Reached XP level 1. HP: 19/19 MP: 1/1
     2 | D:1      | Noticed an octopode
     2 | D:1      | Noticed a merfolk
     4 | D:1      | Noticed a troll
     4 | D:1      | Noticed a human
     6 | D:1      | Noticed a ghoul
     6 | D:1      | Noticed a demigod
     8 | D:1      | Noticed a vampire
     8 | D:1      | Noticed a gargoyle
    10 | D:1      | Noticed a vine stalker
    10 | D:1      | Noticed a draconian
    12 | D:1      | Noticed a meteoran
    12 | D:1      | Noticed a felid
    14 | D:1      | Noticed an elf
    16 | D:1      | Noticed an ogre
    16 | D:1      | Noticed a minotaur
    18 | D:1      | Noticed an armataur
    20 | D:1      | Noticed a demonspawn
    20 | D:1      | Noticed a spriggan
    22 | D:1      | Noticed a tengu
    24 | D:1      | Noticed a naga
    24 | D:1      | Noticed a human
    26 | D:1      | Noticed a meteoran
    26 | D:1      | Noticed a demonspawn
    93 | D:1      | Reached XP level 2. HP: 26/27 MP: 2/2
   336 | D:1      | Reached XP level 3. HP: 22/33 MP: 3/3
   349 | D:1      | Found Cedik's Weapon Shoppe.
   827 | D:2      | Reached skill level 1 in Polearms
  1336 | D:3      | Reached XP level 4. HP: 38/40 MP: 4/4
  1632 | D:3      | Reached XP level 5. HP: 19/47 MP: 5/5
  1914 | D:3      | HP: 2/47 [poisoned by an adder]
  2151 | D:3      | Reached skill level 1 in Dodging
  2490 | D:3      | Slain by a sleepcap

Illustrated notes

Levels and vault maps discovered:
D:1:      kb_arrival_jail, layout_basic, serial_shops, shop
D:2:      layout_loops_ring
D:3:      layout_basic, minmay_guardbox
D:4:      layout_basic

Skill      XL: |  1  2  3  4  5 |
---------------+----------------+-----
Fighting       | 4 |  4.8
Axes           | 3 |  3.0
Polearms       | 1 2 |  2.5
Armour         | 4 |  4.0
Shields        | 4 |  4.2
Dodging        | 1 |  1.0
Stealth        | |  0.7

Action                     |  1- 3 |  4- 6 || total
---------------------------+-------+-------++-------
  Melee: War axe           |    86 |   105 ||   191
         Trident           |       |    21 ||    21
  Throw: Boomerang         |       |     1 ||     1
  Evoke: Wand              |       |     3 ||     3
    Use: Potion            |       |     2 ||     2
 Armour: Scale mail        |    42 |    47 ||    89
  Dodge: Dodged            |    32 |    41 ||    73
  Block: Buckler           |     9 |       ||     9
         Kite shield       |    21 |    40 ||    61
